[Event "SWE-ch -50 2018"]
[Site "Ronneby"]
[Date "2018.06.30"]
[Round "1"]
[White "Cramling, Dan"]
[Black "Franzen, Per Erik"]
[Result "1/2-1/2"]
[ECO "E45"]
[WhiteElo "2355"]
[BlackElo "1970"]
[Annotator "NA"]
[PlyCount "53"]
[EventDate "2018.06.30"]
[EventType "tourn"]
[EventCountry "SWE"]
[SourceTitle "playchess.com"]
[Source "ChessBase"]
[SourceQuality "1"]
[TimeControl "40/5400+30:1800+30"]

1. d4 Nf6 2. c4 e6 3. Nc3 Bb4 4. e3 b6 5. Nge2 Ba6 6. Ng3 c5 7. Bd2 cxd4 8. exd4 O-O 9. a3 Bxc3 10. Bxc3 d5 11. c5 Bxf1 12. Kxf1 Nc6 13. b4 bxc5 14. dxc5 d4 15. Bb2 Qd5 16. f3 a5 17. b5 Qc4+ 18. Qe2 d3 19. Qd2 Qxb5 20. Bxf6 gxf6 21. Ne4 Kg7 22. Qc3 d2+ 23. Kf2 Ne5 24. f4 Qd3 25. fxe5 Qxe4 26. exf6+ Kh8 27. Rhd1 1/2-1/2

[Event "SWE-ch -50 2018"]
[Site "Ronneby"]
[Date "2018.06.30"]
[Round "1"]
[White "Nilsson, Patrik"]
[Black "Rothen, Hakan Nils Karl"]
[Result "0-1"]
[ECO "C03"]
[WhiteElo "2152"]
[BlackElo "2291"]
[Annotator "NA"]
[PlyCount "98"]
[EventDate "2018.06.30"]
[EventType "tourn"]
[EventCountry "SWE"]
[SourceTitle "playchess.com"]
[Source "ChessBase"]
[SourceQuality "1"]
[TimeControl "40/5400+30:1800+30"]

1. e4 e6 2. d4 d5 3. Nd2 Be7 4. Ngf3 Nf6 5. e5 Nfd7 6. Bd3 c5 7. c3 b6 8. Qe2 Bb7 9. Nf1 Nc6 10. Ng3 cxd4 11. cxd4 Nb4 12. O-O Nxd3 13. Qxd3 a5 14. Re1 Ba6 15. Qe3 h5 16. Bd2 Nf8 17. Rac1 Ng6 18. a3 a4 19. Rc3 Bc4 20. Ne2 b5 21. Rcc1 h4 22. Nf4 Nxf4 23. Qxf4 Rh5 24. h3 g6 25. Qe3 Kf8 26. Nh2 Kg7 27. Ng4 Qf8 28. Qf3 Qh8 29. Qc3 Rb8 30. Qa5 Bd8 31. Qa7 Bb6 32. Qe7 Bxd4 33. Bg5 Rxg5 34. Qxg5 Bxb2 35. Rcd1 Bxa3 36. Re3 Bc5 37. Rf3 Rf8 38. Rf4 Qh5 39. Qf6+ Kg8 40. Re1 a3 41. Ne3 Qh8 42. Qg5 Bxe3 43. fxe3 a2 44. Rxh4 Qg7 45. Rf4 b4 46. Rf2 b3 47. Qf4 f6 48. exf6 Qxf6 49. Qxf6 Rxf6 0-1

[Event "SWE-ch -50 2018"]
[Site "Ronneby"]
[Date "2018.06.30"]
[Round "1"]
[White "Gamback, Bjorn"]
[Black "Andersson, Kjell Ake"]
[Result "1-0"]
[ECO "C02"]
[WhiteElo "2108"]
[BlackElo "1912"]
[Annotator "NA"]
[PlyCount "39"]
[EventDate "2018.06.30"]
[EventType "tourn"]
[EventCountry "SWE"]
[SourceTitle "playchess.com"]
[Source "ChessBase"]
[SourceQuality "1"]
[TimeControl "40/5400+30:1800+30"]

1. e4 e6 2. d4 d5 3. e5 b6 4. Nf3 Ba6 5. Bxa6 Nxa6 6. O-O Ne7 7. c4 Qd7 8. Qe2 Nb8 9. b3 Ng6 10. Re1 Bb4 11. Bd2 Bxd2 12. Qxd2 O-O 13. Nc3 Ne7 14. Rad1 Nbc6 15. cxd5 Nxd5 16. Ne4 Kh8 17. Qg5 Qe7 18. Qg4 Rad8 19. Rd2 Qb4 20. Rc1 1-0

[Event "SWE-ch -50 2018"]
[Site "Ronneby"]
[Date "2018.06.30"]
[Round "1"]
[White "Kvisth, Bengt"]
[Black "Moborn, Anders"]
[Result "1/2-1/2"]
[ECO "D10"]
[WhiteElo "1788"]
[BlackElo "2045"]
[Annotator "NA"]
[PlyCount "43"]
[EventDate "2018.06.30"]
[EventType "tourn"]
[EventCountry "SWE"]
[SourceTitle "playchess.com"]
[Source "ChessBase"]
[SourceQuality "1"]
[TimeControl "40/5400+30:1800+30"]

1. d4 d5 2. c4 c6 3. cxd5 cxd5 4. Nc3 Nf6 5. Bf4 e6 6. Nf3 Bd6 7. Bxd6 Qxd6 8. e3 O-O 9. Bd3 Nc6 10. O-O a6 11. Rc1 b5 12. Qd2 Bb7 13. Bb1 Rac8 14. Ne1 g6 15. Nd3 Nd7 16. f4 f6 17. Qe2 Nb4 18. Nxb4 Qxb4 19. a3 Qd6 20. Qg4 Nb6 21. Bxg6 f5 22. Bxf5+ 1/2-1/2

[Event "SWE-ch -50 2018"]
[Site "Ronneby"]
[Date "2018.07.01"]
[Round "2"]
[White "Rothen, Hakan Nils Karl"]
[Black "Gemzell, Ted"]
[Result "1-0"]
[ECO "D15"]
[WhiteElo "2291"]
[BlackElo "1990"]
[Annotator "NA"]
[PlyCount "107"]
[EventDate "2018.06.30"]
[EventType "tourn"]
[EventCountry "SWE"]
[SourceTitle "playchess.com"]
[Source "ChessBase"]
[SourceQuality "1"]
[TimeControl "40/5400+30:1800+30"]

1. d4 d5 2. c4 c6 3. Nf3 Nf6 4. Nc3 Bf5 5. Qb3 b6 6. cxd5 {[%emt 0:04:02] D15: Slav Defence: 4 Nc3 a6 and gambit lines after 4 Nc3 dxc4} Nxd5 7. Nxd5 (7. e4 $16 Nxc3 8. exf5 Ne4 9. Bf4 Nd6 10. Rc1 g6 11. Ne5 Bg7 12. fxg6 hxg6 13. Bd3 e6 {1-0 (26) Hillarp Persson,T (2503)-Belzo,K (2059) St Clement Bay 2017}) 7... Qxd5 8. Qxd5 cxd5 9. e3 f6 $146 ({Predecessor:} 9... a6 10. Bd2 Nd7 11. Rc1 e6 12. Be2 Bd6 13. O-O Ke7 {1-0 (34) Mungunzul,B (1564)-Lim,D (1556) Ulaanbaatar 2015}) 10. Bd2 Nd7 11. Ba6 e6 12. O-O Bd6 13. Rfc1 Rd8 14. a4 Nb8 15. Bb5+ Ke7 16. Be2 a6 17. Nh4 Bg6 18. Nxg6+ hxg6 19. g3 Rc8 20. Bd3 f5 21. f3 Kd7 22. e4 Rxc1+ 23. Rxc1 Rc8 24. Rxc8 Kxc8 25. exd5 exd5 26. g4 Kc7 27. gxf5 gxf5 28. Bxf5 Nc6 29. Be6 Nxd4 30. Bxd5 Be5 31. Kf2 b5 32. f4 Bf6 33. b3 Kd6 34. Bf7 bxa4 $16 35. Bb4+ Kc6 36. bxa4 Nc2 37. Ba5 Kc5 38. Ke2 g5 39. Kd3 Nb4+ 40. Ke4 gxf4 41. Kxf4 Nc6 42. Bc7 Ne7 43. Be5 Bh4 44. Kg4 Be1 45. h4 Nd5 46. h5 Bd2 47. Kf5 Ne3+ 48. Ke4 Ng4 49. Bd4+ Kb4 50. Be6 Nh6 51. Be3 Bxe3 52. Kxe3 Kc5 53. Kf4 Kd6 54. Bc4 1-0

[Event "SWE-ch -50 2018"]
[Site "Ronneby"]
[Date "2018.07.01"]
[Round "2"]
[White "Wedin, Svante"]
[Black "Gamback, Bjorn"]
[Result "0-1"]
[ECO "B28"]
[WhiteElo "1992"]
[BlackElo "2108"]
[Annotator "NA"]
[PlyCount "66"]
[EventDate "2018.06.30"]
[EventType "tourn"]
[EventCountry "SWE"]
[SourceTitle "playchess.com"]
[Source "ChessBase"]
[SourceQuality "1"]
[TimeControl "40/5400+30:1800+30"]

1. e4 c5 2. Nf3 a6 3. d4 cxd4 4. Nxd4 Nf6 5. Nc3 e5 6. Nb3 Bb4 {[%emt 0:02:25] LiveBook: 58 Games} 7. Qd3 O-O {[%emt 0:08:09] B28: Sicilian: 2 Nf3 a6 (O'Kelly Variation)} 8. Bd2 b5 (8... Bxc3 9. Bxc3 d5 10. exd5 Bg4 11. f3 e4 12. Bxf6 Qxf6 13. Qd4 exf3 14. Qxg4 Re8+ 15. Kd1 {1-0 (56) Quirhuayo Chumbe,G (2300)-Cori Tello,D (2413) Montcada 2017}) 9. O-O-O Bb7 10. f3 Be7 $146 ({Predecessor:} 10... Qc7 11. a3 Bxc3 12. Qxc3 Nc6 13. g4 d5 14. g5 d4 15. Qd3 {0-1 (34) Bojdol,R (2060)-Orzech,D (2224) Wisla 2000}) 11. g4 d5 (11... b4 $1 $11 {bleibt in der Remisbreite.} 12. Nd5 Nxd5 13. exd5 Qc7) 12. Nxd5 Nxd5 13. exd5 ({Günstiger ist} 13. Na5 $14) 13... Qxd5 14. Qxd5 Bxd5 15. Bg2 Nc6 16. Be3 $15 Rfd8 17. Rxd5 Rxd5 18. f4 Rad8 19. Bxd5 Rxd5 20. fxe5 Nxe5 21. h3 Nc4 22. Bf4 f5 23. g5 Kf7 24. Re1 Nd6 25. Rd1 Rxd1+ 26. Kxd1 Nc4 27. Bc1 Kg6 28. h4 Kh5 29. Nd4 Kg4 30. Ke2 Bd6 31. b3 Ne5 32. Bd2 g6 33. Be1 f4 0-1

[Event "SWE-ch -50 2018"]
[Site "Ronneby"]
[Date "2018.07.01"]
[Round "2"]
[White "Eriksson, Mats"]
[Black "Cramling, Dan"]
[Result "0-1"]
[ECO "B08"]
[WhiteElo "1977"]
[BlackElo "2355"]
[Annotator "NA"]
[PlyCount "58"]
[EventDate "2018.06.30"]
[EventType "tourn"]
[EventCountry "SWE"]
[SourceTitle "playchess.com"]
[Source "ChessBase"]
[SourceQuality "1"]
[TimeControl "40/5400+30:1800+30"]

1. e4 d6 2. d4 Nf6 3. Nc3 g6 4. Nf3 Bg7 5. Be2 O-O 6. O-O e6 7. Re1 {[%emt 0:06:07] B08: Pirc Defence: Classical System} Nc6 {[%emt 0:02:42] LiveBook: 33 Games} 8. Be3 (8. h3 a6 9. a4 b6 10. Bg5 h6 11. Be3 Bb7 12. Qd2 Kh7 13. Bf1 Nb4 14. Bf4 e5 {1-0 (34) Salgado Lopez,I (2629)-Mchedlishvili,M (2604) Heraklio 2017}) 8... h6 9. h3 b6 10. Qd2 Kh7 11. Rad1 Bb7 12. Bf1 Ne7 13. Bf4 Nh5 $146 ({Predecessor:} 13... a6 14. Bg3 b5 15. a3 Qd7 16. Bh2 Rad8 {1-0 (33) Bennett (2157)-Perrin,R (1797) ICCF email 2009}) 14. Bh2 f5 15. Bd3 Qd7 16. exf5 exf5 17. Nh4 {[%emt 0:08:01] [#]} Bf6 $17 18. g4 Bxh4 19. gxh5 gxh5 20. Bg3 Bg5 21. Qe2 h4 22. Bf4 Rg8 23. Kf1 Kh8 24. Bxg5 Rxg5 25. f3 Rg3 26. d5 Nxd5 27. Nxd5 Bxd5 28. Qd2 Rxf3+ 29. Kg1 Qg7+ 0-1

[Event "SWE-ch -50 2018"]
[Site "Ronneby"]
[Date "2018.07.01"]
[Round "2"]
[White "Andersson, Erik"]
[Black "Winfridsson, Hakan"]
[Result "0-1"]
[ECO "A00"]
[WhiteElo "1656"]
[BlackElo "2027"]
[Annotator "NA"]
[PlyCount "94"]
[EventDate "2018.06.30"]
[EventType "tourn"]
[EventCountry "SWE"]
[SourceTitle "playchess.com"]
[Source "ChessBase"]
[SourceQuality "1"]
[TimeControl "40/5400+30:1800+30"]

1. b4 c6 2. e3 d5 3. Nf3 Bg4 4. Be2 Nd7 5. d4 e6 6. a3 a5 7. c3 (7. b5 $11 {remains equal.}) 7... Ngf6 (7... axb4 $17 8. Qb3 Qb6) 8. Nbd2 (8. b5 $11) 8... Be7 (8... axb4 $17 9. cxb4 {[#]} Bxb4 $1 ) 9. O-O (9. Bb2 $11 {remains equal.}) 9... O-O (9... axb4 $17 10. cxb4 {[#]} Bxb4 $1 ) 10. Bb2 h6 11. Qc2 Qc7 12. Bd3 Bxf3 13. Nxf3 Bd6 14. h3 Rfe8 15. Rfb1 e5 16. dxe5 Nxe5 17. Nxe5 Bxe5 18. c4 $11 axb4 19. axb4 dxc4 20. Bxc4 Rad8 21. Bxe5 Qxe5 22. Rd1 Ne4 23. Ra5 Qe7 24. Rf5 Rxd1+ 25. Qxd1 Nd6 26. Rf4 Nxc4 27. Rxc4 Rd8 28. Rd4 Rxd4 29. Qxd4 Kf8 30. Kf1 f6 31. Ke2 Ke8 32. Qc4 Qf7 33. Qe4+ Kd8 34. Qf4 Kc8 35. Qg4+ f5 36. Qd4 Qd7 37. Qe5 b6 38. Qc3 Kb7 39. Qe5 Ka6 40. f3 Qf7 41. g4 Qc4+ 42. Kd2 Qxb4+ 43. Qc3 Qxc3+ 44. Kxc3 fxg4 45. hxg4 Kb5 46. e4 Kc5 47. Kd3 g6 {[%emt 0:00:00] Kd4+} 0-1

[Event "SWE-ch -50 2018"]
[Site "Ronneby"]
[Date "2018.07.03"]
[Round "4"]
[White "Rothen, Hakan"]
[Black "Winfridsson, Hakan"]
[Result "1-0"]
[ECO "D43"]
[WhiteElo "2291"]
[BlackElo "2007"]
[Annotator "NA"]
[PlyCount "81"]
[EventDate "2018.06.30"]
[EventType "tourn"]
[EventCountry "SWE"]
[SourceTitle "playchess.com"]
[Source "ChessBase"]
[SourceQuality "1"]
[TimeControl "40/5400+30:1800+30"]

1. d4 d5 2. c4 c6 3. Nf3 Nf6 4. Nc3 e6 5. Qd3 Nbd7 6. e4 dxe4 7. Nxe4 Nxe4 8. Qxe4 Nf6 9. Qc2 c5 10. Bf4 cxd4 11. O-O-O $11 Bd6 12. Bxd6 Qxd6 13. Rxd4 Qc7 14. Bd3 Bd7 15. Re1 O-O-O 16. Ne5 Bc6 17. Rxd8+ Rxd8 18. f4 g6 19. g3 Be8 20. b4 Nd7 21. Nf3 Nb8 22. a3 Nc6 23. Qc3 Kb8 24. Rd1 Ne7 25. Rd2 h5 26. Kb2 Rc8 27. Qe5 Nc6 28. Qxc7+ Kxc7 29. Be4 f6 30. Kc3 Rd8 31. Rxd8 Nxd8 32. Nh4 f5 33. Bc2 b6 34. Nf3 Nf7 35. Kd4 Kd6 36. Bb3 g5 37. c5+ bxc5+ 38. bxc5+ Ke7 39. fxg5 e5+ 40. Ke3 e4 41. Bxf7 1-0

[Event "SWE-ch -50 2018"]
[Site "Ronneby"]
[Date "2018.07.03"]
[Round "4"]
[White "Gamback, Bjorn"]
[Black "Cramling, Dan"]
[Result "0-1"]
[ECO "B22"]
[WhiteElo "2108"]
[BlackElo "2355"]
[Annotator "NA"]
[PlyCount "100"]
[EventDate "2018.06.30"]
[EventType "tourn"]
[EventCountry "SWE"]
[SourceTitle "playchess.com"]
[Source "ChessBase"]
[SourceQuality "1"]
[TimeControl "40/5400+30:1800+30"]

1. e4 c5 2. Nf3 e6 3. c3 Nf6 4. e5 Nd5 5. d4 cxd4 6. cxd4 d6 7. a3 Bd7 8. Bd3 Bc6 9. O-O Nd7 10. Re1 Qc7 11. b4 a6 $11 12. Nbd2 Nc3 13. Qb3 Bd5 14. Bc4 Bxc4 15. Nxc4 Rc8 16. Qxc3 d5 17. Nd6+ Bxd6 18. Qd3 Be7 19. Bg5 Bxg5 20. Nxg5 h6 21. Nf3 O-O 22. Qb1 Nb6 23. Nd2 Qc6 24. Nb3 Nc4 25. a4 b6 26. a5 Rb8 27. Qa2 Rb7 28. Rec1 f6 29. axb6 Qxb6 30. exf6 Rxf6 31. Qxa6 Qxb4 32. Nc5 Rbf7 33. Nd3 Qb3 34. Rd1 Qc3 35. Qc8+ Kh7 36. Ne5 Rf8 37. Qc6 Rxf2 38. Qxe6 Qc2 39. Qh3 Ne3 40. Re1 Rxg2+ 41. Kh1 Rff2 42. Nf3 Ng4 43. Ng5+ Kg6 44. Ra6+ Kxg5 45. Re5+ Nxe5 46. Qe3+ Kh4 47. Rxh6+ gxh6 48. Qxh6+ Kg4 49. Qh3+ Kxh3 50. dxe5 Qb1# 0-1

[Event "SWE-ch -50 2018"]
[Site "Ronneby"]
[Date "2018.07.03"]
[Round "4"]
[White "Moborn, Anders"]
[Black "Nilsson, Patrik"]
[Result "1/2-1/2"]
[ECO "E94"]
[WhiteElo "2045"]
[BlackElo "1968"]
[Annotator "NA"]
[PlyCount "77"]
[EventDate "2018.06.30"]
[EventType "tourn"]
[EventCountry "SWE"]
[SourceTitle "playchess.com"]
[Source "ChessBase"]
[SourceQuality "1"]
[TimeControl "40/5400+30:1800+30"]

1. d4 Nf6 2. c4 g6 3. Nc3 Bg7 4. e4 d6 5. Nf3 O-O 6. Be2 e5 7. O-O exd4 8. Nxd4 Re8 {[%emt 0:00:09] LiveBook: 1627 Games} 9. Bf3 Nbd7 {[%emt 0:02:00] E94: Königsindisch (Klassisches System)} 10. Re1 Nb6 (10... Nc5 11. Rb1 h6 12. b4 Ne6 13. Nxe6 Bxe6 14. e5 Nd7 15. Bxb7 Rb8 16. Bc6 Bf5 17. Rb3 Rxe5 {1-0 (34) Miladinovic,I (2607)-Tadic,B (2496) Vrsac 2007}) 11. b3 Bg4 $146 ({Vorgänger:} 11... c6 12. Bf4 Qe7 13. Qd2 Nfd7 14. Rad1 Ne5 15. Be2 Bd7 16. Bg3 Rad8 17. f4 {1-0 (47) Weglarz,L (2348)-Engel,G (2071) Mecklenburg VP 2001}) 12. Bb2 Bxf3 13. Qxf3 Nh5 14. Rad1 Nd7 15. g3 Nc5 16. Nc2 Be5 17. Qg2 Nf6 18. f3 a5 19. Kh1 c6 20. Qd2 Qe7 21. Re2 Qf8 22. Ba1 Nfd7 23. f4 Bg7 24. Qxd6 Qxd6 25. Rxd6 Bxc3 26. Bxc3 Rxe4 27. Red2 Nf8 28. Rd8 Rxd8 29. Rxd8 Re2 30. Rd2 Rxd2 31. Bxd2 a4 32. b4 Ne4 33. Be1 Nd7 34. Kg2 c5 35. Kf3 f5 36. Ne3 cxb4 37. Bxb4 Kf7 38. g4 $11 Ke6 39. gxf5+ 1/2-1/2

[Event "SWE-ch -50 2018"]
[Site "Ronneby"]
[Date "2018.07.03"]
[Round "4"]
[White "Franzen, Per-Erik"]
[Black "Gemzell, Ted"]
[Result "1/2-1/2"]
[ECO "A57"]
[WhiteElo "1995"]
[BlackElo "1990"]
[Annotator "NA"]
[PlyCount "83"]
[EventDate "2018.06.30"]
[EventType "tourn"]
[EventCountry "SWE"]
[SourceTitle "playchess.com"]
[Source "ChessBase"]
[SourceQuality "1"]
[TimeControl "40/5400+30:1800+30"]

1. d4 Nf6 2. Nf3 g6 3. c4 c5 4. d5 b5 5. cxb5 a6 6. b6 d6 7. Nc3 Nbd7 8. a4 a5 9. e4 Bg7 10. Be2 O-O 11. O-O Qxb6 12. Nd2 {[%emt 0:06:59] LiveBook: 5 Partien} Ba6 13. Bxa6 {[%emt 0:02:57] A57: Benko/Volga Gambit} (13. Nb5 Rfb8 14. Qc2 Qd8 15. Nc4 Nb6 16. Nca3 Ne8 17. Rb1 Nc7 18. b3 Bxb5 19. Nxb5 Na6 20. Bg5 Nb4 {1-0 (44) Cheparinov,I (2618)-Ivanchuk,V (2748) Khanty-Mansiysk 2005 CBM 111 [Stohl,I]}) 13... Qxa6 14. Nb5 Rab8 $146 ({Predecessor:} 14... Ne8 15. Nc4 Nb6 16. Nca3 Qb7 17. Qc2 Nc8 18. Bd2 Na7 19. Nxa7 Qxa7 20. Nc4 Qc7 {1-0 (51) Antonsen,M (2469)-Pantzar,M (2098) Helsingor 2015}) 15. Qc2 Rfc8 16. Rb1 c4 17. Nxc4 Nc5 {[%emt 0:00:51] [#]} 18. b3 $1 Ncxe4 19. Re1 Rxb5 $2 (19... Nc5 $16) 20. axb5 Qxb5 21. Rxe4 Nxe4 22. Qxe4 a4 {[%emt 0:03:34] [#]} 23. Be3 $2 (23. bxa4 $1 $18 Qxa4 24. Qd3) 23... axb3 24. Nb6 Rc7 (24... Rb8 $11) 25. Qa4 Qxa4 26. Nxa4 Rb7 27. Kf1 b2 28. Ke2 Rb5 29. Nb6 f5 30. f4 Bc3 31. Nc4 Rxd5 32. Nxb2 Rb5 33. Bc1 e5 34. fxe5 dxe5 35. Kd3 Bd4 36. Kc2 Rc5+ 37. Kd3 Rc3+ $11 38. Kd2 Rb3 39. Kc2 Rc3+ 40. Kd2 Rb3 41. Kc2 Rc3+ 42. Kd2 1/2-1/2

[Event "SWE-ch -50 2018"]
[Site "Ronneby"]
[Date "2018.07.04"]
[Round "5"]
[White "Cramling, Dan"]
[Black "Rothen, Hakan"]
[Result "1/2-1/2"]
[ECO "E53"]
[WhiteElo "2355"]
[BlackElo "2291"]
[Annotator "NA"]
[PlyCount "47"]
[EventDate "2018.06.30"]
[EventType "tourn"]
[EventCountry "SWE"]
[SourceTitle "playchess.com"]
[Source "ChessBase"]
[SourceQuality "1"]
[TimeControl "40/5400+30:1800+30"]

1. d4 Nf6 2. c4 e6 3. Nc3 Bb4 4. e3 O-O 5. Bd3 d5 6. Nf3 c5 7. O-O cxd4 8. exd4 dxc4 9. Bxc4 b6 10. Bg5 Bb7 11. Re1 Nbd7 12. Rc1 Rc8 13. Bd3 Be7 14. Qe2 Nd5 15. Qe4 g6 16. Qh4 h5 17. Qg3 Bxg5 18. Nxg5 Qf6 19. Bb5 Nxc3 20. bxc3 Rfd8 21. Bd3 Nf8 22. Be4 Bxe4 23. Nxe4 Qe7 24. Qf4 1/2-1/2

[Event "SWE-ch -50 2018"]
[Site "Ronneby"]
[Date "2018.07.04"]
[Round "5"]
[White "Winfridsson, Hakan"]
[Black "Wedin, Svante"]
[Result "1/2-1/2"]
[ECO "B27"]
[WhiteElo "2007"]
[BlackElo "1992"]
[Annotator "NA"]
[PlyCount "53"]
[EventDate "2018.06.30"]
[EventType "tourn"]
[EventCountry "SWE"]
[SourceTitle "playchess.com"]
[Source "ChessBase"]
[SourceQuality "1"]
[TimeControl "40/5400+30:1800+30"]

1. e4 c5 2. Nf3 g6 3. d4 cxd4 4. Nxd4 Nf6 5. Nc3 Nc6 6. Be3 Bg7 7. Be2 O-O 8. f4 d5 9. e5 Ne8 10. O-O Nc7 11. Bf3 a6 12. Qd2 e6 13. Nxc6 bxc6 14. Bc5 Re8 15. a4 a5 16. Bb6 Bd7 17. Ne2 Qb8 18. Qd4 Bf8 19. Nc1 Na6 20. Nd3 c5 21. Bxc5 Nxc5 22. Nxc5 Bxc5 23. Qxc5 Rc8 24. Qe7 Ra7 25. h4 Rxc2 26. Qf6 Qf8 27. b3 1/2-1/2

[Event "SWE-ch -50 2018"]
[Site "Ronneby"]
[Date "2018.07.04"]
[Round "5"]
[White "Franzen, Per-Erik"]
[Black "Gamback, Bjorn"]
[Result "1/2-1/2"]
[ECO "E11"]
[WhiteElo "1995"]
[BlackElo "2108"]
[Annotator "NA"]
[PlyCount "45"]
[EventDate "2018.06.30"]
[EventType "tourn"]
[EventCountry "SWE"]
[SourceTitle "playchess.com"]
[Source "ChessBase"]
[SourceQuality "1"]
[TimeControl "40/5400+30:1800+30"]

1. d4 Nf6 2. Nf3 e6 3. c4 Bb4+ 4. Bd2 c5 5. Bxb4 cxb4 6. Nbd2 d5 7. e3 O-O 8. Bd3 b6 9. cxd5 exd5 10. Rc1 a5 11. Ne5 Ba6 12. Qe2 Bxd3 13. Qxd3 Ra7 14. O-O Rc7 15. Rc2 Qd6 16. Rfc1 Rfc8 17. Qf5 Rxc2 18. Rxc2 Rc7 19. Qc8+ Rxc8 20. Rxc8+ Qf8 21. Rxf8+ Kxf8 22. f3 Ke7 23. Kf2 1/2-1/2

[Event "SWE-ch -50 2018"]
[Site "Ronneby"]
[Date "2018.07.04"]
[Round "5"]
[White "Gemzell, Ted"]
[Black "Andersson, Erik"]
[Result "1-0"]
[ECO "A47"]
[WhiteElo "1990"]
[BlackElo "1656"]
[Annotator "NA"]
[PlyCount "105"]
[EventDate "2018.06.30"]
[EventType "tourn"]
[EventCountry "SWE"]
[SourceTitle "playchess.com"]
[Source "ChessBase"]
[SourceQuality "1"]
[TimeControl "40/5400+30:1800+30"]

1. d4 Nf6 2. Nf3 b6 3. Bf4 Bb7 4. e3 d6 5. Nbd2 Nbd7 6. c3 g6 7. Bd3 c5 8. h4 h5 9. Qc2 Rg8 10. Ng5 Qc8 11. Ndf3 c4 12. Be2 Qc6 13. O-O-O O-O-O 14. Nxf7 Re8 15. N3g5 Ng4 16. d5 Qb5 17. Bxg4 hxg4 18. e4 Nc5 19. Be3 Nd3+ 20. Kb1 Bg7 21. Ne6 Bf6 22. Nd4 Qd7 23. Ng5 Qd8 24. Nge6 Qd7 25. Qe2 Ne5 26. Bf4 Nd3 27. Bg3 g5 28. h5 Bxd4 29. Nxd4 Ref8 30. Ne6 Rf6 31. h6 Rxe6 32. dxe6 Qxe6 33. f3 gxf3 34. gxf3 g4 35. h7 Rh8 36. Rh4 d5 37. Rxd3 cxd3 38. Qxd3 dxe4 39. Qd4 Qf6 40. Qc4+ Kd7 41. Qc7+ Ke6 42. Qxb7 Qxf3 43. Qc6+ Kf7 44. Qd5+ Kf8 45. Be1 Qe2 46. Qd2 Qf3 47. Bf2 e5 48. Rh6 g3 49. Be3 g2 50. Qd6+ Kf7 51. Qe6+ Kg7 52. Qxe5+ Kf7 53. Qe6+ 1-0

[Event "SWE-ch -50 2018"]
[Site "Ronneby"]
[Date "2018.07.05"]
[Round "6"]
[White "Rothen, Hakan"]
[Black "Franzen, Per-Erik"]
[Result "1-0"]
[ECO "D35"]
[WhiteElo "2291"]
[BlackElo "1995"]
[Annotator "NA"]
[PlyCount "53"]
[EventDate "2018.06.30"]
[EventType "tourn"]
[EventCountry "SWE"]
[SourceTitle "playchess.com"]
[Source "ChessBase"]
[SourceQuality "1"]
[TimeControl "40/5400+30:1800+30"]

1. d4 Nf6 2. c4 e6 3. Nc3 d5 4. cxd5 Nxd5 5. Nf3 Be7 {[%emt 0:03:16] LiveBook: 10 Partien} 6. Bd2 O-O 7. e4 Nb6 8. Be2 c5 9. Be3 cxd4 10. Nxd4 Nc6 11. O-O Bd7 12. Nb3 Ne5 13. Na5 Bb4 (13... Na4 $11 14. Nxa4 Qxa5) 14. Qd4 Bxa5 15. Qxe5 Bxc3 16. Qxc3 Rc8 17. Qb4 Bc6 18. f3 Qc7 19. Rfc1 Rfd8 20. a4 Qd6 21. Qxd6 Rxd6 22. a5 $18 Nd7 23. Rc2 a6 24. Rac1 e5 25. b4 Re8 26. Bxa6 Nb8 27. Be2 1-0

[Event "SWE-ch -50 2018"]
[Site "Ronneby"]
[Date "2018.07.05"]
[Round "6"]
[White "Moborn, Anders"]
[Black "Gamback, Bjorn"]
[Result "0-1"]
[ECO "E12"]
[WhiteElo "2045"]
[BlackElo "2108"]
[Annotator "NA"]
[PlyCount "112"]
[EventDate "2018.06.30"]
[EventType "tourn"]
[EventCountry "SWE"]
[SourceTitle "playchess.com"]
[Source "ChessBase"]
[SourceQuality "1"]
[TimeControl "40/5400+30:1800+30"]

1. d4 Nf6 2. c4 e6 3. Nf3 b6 4. Bg5 Bb7 5. e3 Bb4+ {[%emt 0:03:02] E12: Damenindisch (Petrosjan-System und 4. oder 5.Lg5)} (5... h6 6. Bh4 Be7 7. Nc3 Ne4 8. Nxe4 Bxh4 9. Bd3 Be7 10. O-O O-O 11. Nc3 d5 12. cxd5 exd5 13. Ne5 Nd7 14. f4 c5 15. Qf3 Nf6 {1-0 (93) Kozul,Z (2597)-Fedorchuk,S (2666) Warsaw 2013}) 6. Nbd2 h6 7. Bxf6 Qxf6 {[%emt 0:00:08] LiveBook: 3 Games} 8. Be2 c5 9. a3 Bxd2+ 10. Qxd2 cxd4 $146 ({Vorgänger:} 10... O-O 11. O-O d6 12. Rfd1 Nc6 13. Qc2 {0-1 (25) Loftsson,A-Thorfinnsson,B (2218) Reykjavik 2000}) 11. Qxd4 Qxd4 12. Nxd4 a6 13. O-O d6 14. Rfd1 Ke7 15. Rd2 Nd7 16. Rad1 Rhd8 17. f3 Rac8 18. e4 Ne5 19. b3 $11 Nd7 20. Kf2 Nc5 21. Ke3 g6 22. b4 e5 23. Nc2 Ne6 24. g3 f5 25. Bd3 fxe4 26. fxe4 Rf8 27. Rf1 Rxf1 28. Bxf1 Ng5 29. Bd3 Rf8 30. Ne1 Nh7 31. Rf2 Nf6 32. h3 Bc8 33. Bf1 Be6 34. Nd3 Rc8 35. Nb2 a5 36. Na4 axb4 37. axb4 Nd7 38. Nb2 Ra8 39. Rd2 Nb8 40. b5 Nd7 41. Nd1 Ra1 42. Kf2 Nc5 43. Kf3 Ra3+ 44. Ne3 Bc8 45. Bg2 Bb7 46. Kf2 Nxe4+ 47. Bxe4 Bxe4 48. Ke2 Ke6 49. Kf2 Ra1 50. Nf1 Rc1 51. Ne3 Ra1 52. h4 h5 53. Rb2 Rh1 54. Nf1 Bd3 55. Nd2 Rc1 56. Ke3 Bxc4 0-1

[Event "SWE-ch -50 2018"]
[Site "Ronneby"]
[Date "2018.07.05"]
[Round "6"]
[White "Gemzell, Ted"]
[Black "Cramling, Dan"]
[Result "0-1"]
[ECO "A41"]
[WhiteElo "1990"]
[BlackElo "2355"]
[Annotator "NA"]
[PlyCount "78"]
[EventDate "2018.06.30"]
[EventType "tourn"]
[EventCountry "SWE"]
[SourceTitle "playchess.com"]
[Source "ChessBase"]
[SourceQuality "1"]
[TimeControl "40/5400+30:1800+30"]

1. d4 d6 2. Nf3 g6 3. Bf4 Bg7 4. e3 Nd7 5. c3 e5 6. dxe5 dxe5 7. Bg3 {[%emt 0:02:08] A41: 1 d4 d6: Tartakower System and Modern Defence} Qe7 {[%emt 0:01:04] LiveBook: 4 Partien} 8. Nbd2 (8. Na3 Nh6 9. Bh4 f6 10. Bc4 Nb6 11. Bb3 Nf5 12. e4 Nxh4 13. Nxh4 f5 14. Nf3 fxe4 {1-0 (34) Cori Tello,J (2648)-Movsziszian,K (2519) Vallfogona de Balague 2017}) 8... Ngf6 9. h3 O-O 10. Bc4 e4 $146 ({Predecessor:} 10... b6 11. O-O Bb7 12. Qc2 Ne8 13. a3 Nd6 14. Ba2 Kh8 {0-1 (58) Dreiseitel,W (1514)-Hauf,N (1936) Nuremberg 2013}) 11. Nd4 Ne5 12. Bxe5 Qxe5 13. Qe2 c5 14. f4 exf3 15. N4xf3 Qe7 16. O-O Be6 17. Rae1 {[%emt 0:02:46] [#]} ({Better is} 17. e4 $15) 17... Nh5 $1 18. Bxe6 Ng3 ({Auf keinen Fall} 18... Qxe6 19. Qb5 $15) 19. Qc4 Nxf1 ({Don't play} 19... fxe6 $6 20. Rf2 $11) ({But not} 19... Qxe6 $6 20. Qxe6 fxe6 21. Rf2 $15) 20. Bxf7+ Qxf7 21. Qxf7+ Rxf7 22. Kxf1 Rd8 23. Ke2 Re7 24. Rf1 Bh6 25. e4 $19 Red7 26. Nc4 b5 27. Ne3 Bxe3 28. Kxe3 Rd1 29. Rf2 R1d3+ 30. Ke2 c4 31. Rf1 Re8 32. e5 g5 33. g4 h6 34. Rf2 Rf8 35. Rf1 a6 36. Rf2 Rf4 37. Rf1 Kf7 38. h4 gxh4 39. g5 Rfxf3 0-1